 Dungeon Crawl Stone Soup version 0.19-a0-1111-gcceb26a (webtiles) character file.

168 Ijustatesigmund the Skirmisher (level 5, 40/42 HPs)
             Began as a Demonspawn Fighter on Aug 11, 2016.
             Quit the game on level 4 of the Dungeon.
             The game lasted 00:06:04 (2127 turns).

Ijustatesigmund the Skirmisher (Demonspawn Fighter) Turns: 2127, Time: 00:06:04

Health: 40/42      AC:  6    Str: 16    XL:     5   Next: 24%
Magic:  5/5        EV:  7    Int:  9    God:
Gold:   160        SH:  9    Dex: 14    Spells: 1 memorised, 2 levels left

rFire  + . .     SeeInvis .     a - +1 flail
rCold  . . .     Gourm    .     b - +0 scale mail
rNeg   . . .     Faith    .     c - +1 shield
rPois  .         Spirit   .     (helmet restricted)
rElec  .         Dismiss  .     (no cloak)
rCorr  .         Reflect  .     (no gloves)
SustAt .         Harm     .     (no boots)
MR     .....                    e - amulet of regeneration
Stlth  ..........               (no ring)
                                (no ring)

@:
A: antennae 2, fire resistance 1
a: no special abilities


You were on level 4 of the Dungeon.
You were not hungry.

You visited 1 branch of the dungeon, and saw 4 of its levels.

You collected 160 gold pieces.

Inventory:

Hand Weapons
 a - a +1 flail (weapon)
Missiles
 i - 2 poisoned tomahawks (quivered)
Armour
 b - a +0 scale mail (worn)
 c - a +1 shield (worn)
Jewellery
 e - an amulet of regeneration (around neck)
Scrolls
 m - 3 scrolls of enchant armour
Potions
 d - a potion of might
 g - a potion of cure mutation
 j - 4 potions of curing
 k - 4 potions of lignification
Books
 l - a book of Minor Magic

   Spells                             Type                      Level
   a - Magic Dart                     Conjuration                  1
   b - Blink                          Translocation                2
   c - Call Imp                       Summoning                    2
   d - Repel Missiles                 Charms/Air                   2
   e - Slow                           Hexes                        2
   f - Conjure Flame                  Conjuration/Fire             3
   g - Mephitic Cloud                 Conjuration/Poison/Air       3
Comestibles
 f - a bread ration


   Skills:
 + Level 4.1 Fighting
 * Level 3.4 Maces & Flails
 - Level 2.6 Armour
 - Level 1.5 Dodging
 - Level 2.6 Shields
 - Level 1.2 Translocations


You had 2 spell levels left.
You knew the following spells:

 Your Spells              Type           Power        Failure   Level  Hunger
a - Blink                 Tloc           N/A          100%        2    ###....


Dungeon Overview and Level Annotations

Branches:
Dungeon (4/15)
 Temple: D:4-7

Altars:
Ashenzari
Cheibriados
Fedhas
Hepliaklqana
Makhleb
Nemelex Xobeh
Ru
Sif Muna
Yredelemnul
The Shining One


Innate Abilities, Weirdness & Mutations

You have a pair of antennae on your head.
Your flesh is heat resistant. (rF+)


Message History

The hound closely misses you. x2
Found an escape hatch in the floor.
Your shield and scale mail prevent you from hitting the hound.
The hound barely misses you. You block the hound's attack.
You hit the hound.
The hound is lightly wounded.
You block the hound's attack. The hound closely misses you.
You miss the hound.
The hound is lightly wounded.
The hound barely misses you. The hound bites you.
You closely miss the hound.
The hound is lightly wounded.
The hound bites you but does no damage. The hound barely misses you.
You hit the hound.
The hound is moderately wounded.
The hound bites you but does no damage. The hound barely misses you.
You closely miss the hound.
The hound is moderately wounded.
The hound bites you. The hound barely misses you.
Are you sure you want to abandon this character and quit the game? (Confirm with "yes".)

. .. ... ....
+###
.!...#######.(...
###...<.........
#.......@h......
#...............
#...............
#..............>
#......?.....###
##############


You could see a hound.

Vanquished Creatures
  A howler monkey (D:4)
  4 adders
  An ooze (D:1)
  3 worms (D:3)
  3 dart slugs
  5 giant geckos
  An orc (D:3)
  6 bats
  5 giant cockroaches
  10 goblins
  4 hobgoblins
  8 jackals
  2 quokkas
  A giant newt (D:3)
  11 kobolds
  10 rats
75 creatures vanquished.

Notes
Turn   | Place    | Note
-------+----------+-------------------------------------------
     0 | D:1      | Ijustatesigmund the Demonspawn Fighter began the quest for the Orb.
     0 | D:1      | Reached XP level 1. HP: 18/18 MP: 1/1
   140 | D:1      | Gained mutation: Your flesh is heat resistant. (rF+) [demonic ancestry]
   140 | D:1      | Reached XP level 2. HP: 22/24 MP: 2/2
   246 | D:1      | Reached skill level 1 in Dodging
   405 | D:1      | Reached XP level 3. HP: 28/29 MP: 3/3
   553 | D:2      | Found a shattered altar of Ashenzari.
   721 | D:2      | You fall through a shaft!
   832 | D:2      | Learned a level 2 spell: Blink
   971 | D:2      | Gained mutation: You have a pair of small antennae on your head. [demonic ancestry]
   971 | D:2      | Reached XP level 4. HP: 24/36 MP: 4/4
  1013 | D:2      | Found a faded altar of an unknown god.
  1492 | D:3      | Reached skill level 1 in Translocations
  1835 | D:3      | Found a blossoming altar of Fedhas.
  1837 | D:3      | Found a basalt altar of Yredelemnul.
  1840 | D:3      | Found a sparkling altar of Nemelex Xobeh.
  1842 | D:3      | Found a glowing golden altar of the Shining One.
  1842 | D:3      | Found a sacrificial altar of Ru.
  1845 | D:3      | Found a snail-covered altar of Cheibriados.
  1846 | D:3      | Found a deep blue altar of Sif Muna.
  1847 | D:3      | Found a hazy altar of Hepliaklqana.
  1848 | D:3      | Found a burning altar of Makhleb.
  1903 | D:3      | Reached skill level 4 in Fighting
  2115 | D:4      | Gained mutation: You have a pair of antennae on your head. [demonic ancestry]
  2115 | D:4      | Reached XP level 5. HP: 40/42 MP: 5/5
  2127 | D:4      | Quit the game

Vault maps used:
D:1:      dpeg_arrival_rooms_with_view
D:2:      ashenzari_altar_1, first_bread, ecumenical_altar_2
D:3:      minitemple
D:4:      uniq_blork_the_orc, uniq_edmund, uniq_grinder

Skill      XL: |  1  2  3  4 |
---------------+-------------+-----
Maces & Flails | 2 3 |  3.4
Dodging        | 1 |  1.5
Translocations | 1 |  1.2
Fighting       | 4 |  4.1
Armour         | |  2.6
Shields        | |  2.6

Action                   |  1- 3 |  4- 6 || total
-------------------------+-------+-------++-------
Melee: Flail             |   135 |   120 ||   255
  Use: Scroll            |     5 |     2 ||     7
  Eat: Bread ration      |       |     1 ||     1
       Chunk             |       |     1 ||     1
Armor: Scale mail        |    81 |    38 ||   119
Dodge: Dodged            |    36 |    40 ||    76
Block: Shield            |    83 |    64 ||   147
